 Dungeon Crawl Stone Soup version 0.29-a0-207-gf982a884d8 (webtiles) character file.

Game seed: 18104589403428402536

102 Zeldest the Ducker (level 4, -2/35 HPs)
             Began as a Vampire Monk on Feb 24, 2022.
             Slain by a wyvern zombie (9 damage)
             ... on level 3 of the Dungeon.
             The game lasted 00:02:49 (1785 turns).

Zeldest the Ducker (Vampire Monk)                   Turns: 1785, Time: 00:02:50

Health: -2/35      AC:  3    Str: 10    XL:     4   Next: 50%
Magic:  4/4        EV: 14    Int: 18    God:
Gold:   162        SH:  5    Dex: 18    Spells: 3/3 levels left

rFire   . . .      SeeInvis +   a - +0 falchion
rCold   . . .      Faith    .   (no shield)
rNeg    . . .      Spirit   .   b - +0 robe
rPois   .          Reflect  +   (no helmet)
rElec   .          Harm     .   n - +0 cloak
rCorr   .          Rampage  .   (no gloves)
Will    .....                   (no boots)
Stlth   ++........              l - amulet of reflection
HPRegen 0.31/turn               k - ring of wizardry
MPRegen 0.09/turn               p - +6 ring of intelligence

@: healing quickly
A: alive, fangs 3, see invisible, vampiric 2
a: Exsanguinate


You were on level 3 of the Dungeon.
You visited 1 branch of the dungeon, and saw 3 of its levels.

You collected 162 gold pieces.

Inventory:

Hand Weapons
 a - a +0 falchion (weapon)
Armour
 b - a +0 robe (worn)
 n - a +0 cloak (worn)
Jewellery
 k - a ring of wizardry (left hand)
 l - an amulet of reflection (around neck)
 p - a +6 ring of intelligence (right hand)
 q - an amulet of faith
Scrolls
 d - a scroll of teleportation {unknown}
 e - a scroll of fog {unknown}
 g - 5 scrolls of identify {unknown}
 h - 2 scrolls of enchant weapon {unknown}
 j - a scroll of fear {unknown}
 o - a scroll of acquirement {unknown}
Potions
 c - a potion of brilliance {unknown}
 f - a potion of lignification {unknown}
 i - a potion of ambrosia {unknown}
 m - a potion of curing {unknown}


   Skills:
 + Level 3.5 Fighting
 + Level 3.9 Long Blades
 + Level 4.2 Dodging
 - Level 3.0 Stealth


You had 3 spell levels left.
You didn't know any spells.
Your spell library contained the following spells:

 Spells                   Type           Power      Damage    Failure   Level
 Animate Skeleton         Necr           0%         N/A       9%          1
 Pain                     Necr           0%         1d4       9%          1
 Ensorcelled Hibernation  Hex/Ice        0%         N/A       13%         2
 Passwall                 Tmut/Erth      0%         N/A       13%         2
 Swiftness                Air            0%         N/A       26%         3
 Vampiric Draining        Necr           0%         2d6       26%         3


Dungeon Overview and Level Annotations

Branches:
Dungeon (3/15)

Altars:


Innate Abilities, Weirdness & Mutations

Your natural rate of healing is accelerated.
You have razor-sharp teeth.
You have supernaturally acute eyesight. (SInv)
You are afflicted with vampirism and can become a bat while bloodless.


Message History

The orc shouts!
The orc completely misses you.
You hit the orc but do no damage. The orc hits you with a +0 hand axe.
You slash the orc!
You kill the orc!
No target in view!
Things that are here:
a +0 hand axe; a +0 leather armour No target in view!
No target in view!
You open the door.
A wyvern zombie comes into view.
The wyvern zombie barely misses you.
A wyvern zombie is nearby!
You hit the wyvern zombie.
The wyvern zombie is lightly damaged.
The wyvern zombie misses you. The wyvern zombie bites you.
You slash the wyvern zombie!
The wyvern zombie is moderately damaged.
The wyvern zombie bites you!
You are too injured to fight recklessly!
You are too injured to fight recklessly!
You hit the wyvern zombie.
The wyvern zombie is moderately damaged.
The wyvern zombie barely misses you. The wyvern zombie bites you!
* * * LOW HITPOINT WARNING * * *
The wyvern zombie bites you.
* * * LOW HITPOINT WARNING * * *
Okay, then.
Okay, then.
Okay, then.
Okay, then.
You block the wyvern zombie's attack.
Keep bloodletting?
The wyvern zombie misses you.
You begin bloodletting.
You continue bloodletting.
The wyvern zombie barely misses you.
You continue bloodletting.
The wyvern zombie bites you!
You die...

### ######### #..
#.#.#)#.##### #.#
............# #.#
#.##'##.###.##########.#
..#...#..##.....@Z.....#
#.+...+.################
..#...#... ...#
#.##+##.###### #...
.........##.. ...
#.#.#.#.###.###.####
##..###.###.#.......
##..# #......†..#
....#######.....#


You could see a wyvern zombie.

Vanquished Creatures
  4 adders (D:2)
  2 worms (D:2)
  A dart slug (D:2)
  An orc (D:3)
  5 ball pythons
  7 endoplasms
  4 giant cockroaches
  4 goblins
  7 hobgoblins
  A quokka (D:1)
  8 bats
  4 frilled lizards
  5 kobolds
  3 rats (D:2)
56 creatures vanquished.

Notes
Turn   | Place    | Note
-------+----------+-------------------------------------------
     0 | D:1      | Zeldest the Vampire Monk began the quest for the Orb.
     0 | D:1      | Reached XP level 1. HP: 17/17 MP: 1/1
   130 | D:1      | Reached XP level 2. HP: 17/23 MP: 2/2
   477 | D:1      | Gained mutation: You are afflicted with vampirism and can
                  | become a bat while bloodless. [Vampire growth]
   477 | D:1      | Reached XP level 3. HP: 29/29 MP: 3/3
  1219 | D:2      | Reached skill level 4 in Dodging
  1313 | D:2      | Reached XP level 4. HP: 35/35 MP: 4/4
  1785 | D:3      | Slain by a wyvern zombie

Illustrated notes

Levels and vault maps discovered:
D:1:      lordsloth_arrival_two_stooges, layout_basic
D:2:      layout_loops_ring, st_stairs_3
D:3:      minmay_inner_zag, layout_loops_ring,
          hellmonk_ecumenical_altar_dog_temple, serial_glass, glass_columns_a,
          glass_columns_b, minmay_strange_pillars, item_on_display_a,
          item_on_display_a, minmay_misc_feat_doors, nicolae_figureground_pulse

Skill      XL: |  1  2  3 |
---------------+----------+-----
Fighting       | 3 |  3.5
Dodging        | 4 |  4.2
Long Blades    | |  3.9
Stealth        | |  3.0

Action                   |  1- 3 |  4- 6 || total
-------------------------+-------+-------++-------
Melee: Falchion          |   132 |    45 ||   177
       Bite              |     8 |     4 ||    12
 Abil: Exsanguinate      |       |     1 ||     1
 Stab: Sleeping          |    10 |     1 ||    11
       Distracted        |     1 |       ||     1
Armor: Robe              |    27 |     4 ||    31
Dodge: Dodged            |   108 |    30 ||   138
Block: Other             |       |     1 ||     1

Table legend: (Time is in decaauts)
 A = Elapsed time spent in this place.
 B = Non-inter-level travel time spent in this place.
 C = Inter-level travel time spent in this place.
 D = Time resting spent in this place.
 E = Time spent auto-exploring this place.
 F = Levels seen in this place.
 G = Mean time per level.
                   A        B        C        D        E       F      G
               +--------+--------+--------+--------+--------+-----+--------+
         Total |   1805 |   1743 |     62 |    202 |   1096 |   3 |  601.7 |
       Dungeon |   1805 |   1743 |     62 |    202 |   1096 |   3 |  601.7 |
               +--------+--------+--------+--------+--------+-----+--------+

Top non-repeatable levels by time:
     D:1: 848 daAuts
     D:2: 813 daAuts
     D:3: 143 daAuts
